Map: Pillars of Gold LE

Players

Reynor - Winner!

  • Race: Zerg Zerg
  • Spawn Location: 7:00

Maru

  • Race: Terran Terran
  • Spawn Location: 1:00

Event: IEM Katowice 2021

VOD

Have the link to the VOD?

Description

Time

  • Played on: Feb. 28, 2021, 9:51 a.m.
  • Length: 23:42

All games in this series

Show
View Real Time Build Order
Export as new Build Order

Reynor Zerg - Winner!

Build Orders: Hatch First, Muta Ling Bane 

Get SALT Encoding   

  12  0:00  Drone  
  13  0:12  Overlord  
  13  0:17  Drone  
  14  0:31  Drone x2  
  16  0:50  Hatchery  
  16  0:54  Drone  
  16  0:57  Drone  
  16  1:01  Drone  
  18  1:11  Extractor  
  17  1:18  Spawning Pool  
  16  1:21  Drone  
  16  1:24  Drone  
  18  1:28  Drone  
  19  1:39  Drone  
  20  1:50  Overlord  
  20  2:04  Queen  
  20  2:05  Zergling x4, Queen  
  26  2:11  Drone  
  26  2:12  Drone  
  28  2:21  Drone  
  29  2:24  Drone  
  30  2:35  Hatchery  
  29  2:39  Drone  
  29  2:40  Drone  
  31  2:44  Metabolic Boost  
  31  2:48  Drone  
  32  2:52  Overlord  
  32  2:59  Queen  
  32  3:01  Drone  
  32  3:05  Drone  
  36  3:12  Drone x4  
  40  3:18  Overlord  
  40  3:23  Queen  
  40  3:25  Drone  
  44  3:27  Drone  
  44  3:32  Overlord  
  44  3:37  Drone  
  44  3:38  Queen  
  44  3:40  Drone  
  48  3:45  Drone x2  
  48  3:48  Drone x2  
  52  3:49  Drone  
  52  3:50  Zergling x2  
  52  3:55  Queen  
  56  3:57  Drone  
  56  4:01  Overlord  
  56  4:02  Zergling x2  
  58  4:04  Zergling x2  
  58  4:10  Zergling x2  
  58  4:11  Spore Crawler  
  58  4:14  Zergling x2  
  58  4:15  Drone x2  
  58  4:16  Drone x2  
  63  4:22  Drone x2  
  63  4:23  Overlord  
  65  4:26  Zergling x4  
  65  4:28  Drone  
  68  4:36  Drone x2  
  70  4:38  Overlord  
  70  4:41  Queen  
  70  4:42  Drone  
  70  4:45  Drone x3  
  75  4:47  Drone  
  75  4:51  Overlord  
  75  4:52  Drone  
  77  4:56  Lair  
  77  4:57  Drone  
  77  4:58  Spore Crawler  
  77  4:59  Spore Crawler  
  76  5:02  Extractor  
  76  5:03  Baneling Nest  
  76  5:04  Queen  
  76  5:06  Drone x2  
  78  5:09  Drone x2  
  78  5:11  Zergling x2  
  78  5:14  Zergling x4  
  83  5:16  Drone x3  
  83  5:18  Overlord  
  86  5:23  Overlord  
  86  5:25  Drone x2  
  86  5:26  Drone  
  89  5:34  Evolution Chamber  
  88  5:36  Hatchery  
  88  5:37  Evolution Chamber  
  86  5:43  Drone x2  
  86  5:45  Extractor  
  86  5:46  Zergling x8, Extractor  
  86  5:49  Drone x3  
  94  5:50  Drone  
  94  5:51  Overlord, Extractor  
  93  5:57  Overseer  
  93  5:59  Drone x4  
  93  6:01  Centrifical Hooks  
  93  6:02  Drone  
  93  6:03  Extractor, Overlord  
  97  6:07  Overlord  
  97  6:13  Drone x4  
  97  6:16  Drone x2  
  97  6:17  Drone x2  
  105  6:18  Queen  
  105  6:21  Overlord  
  105  6:23  Drone x3  
  110  6:26  Zerg Ground Armor Level 1  
  110  6:27  Zerg Melee Weapons Level 1  
  110  6:30  Zergling x4  
  110  6:31  Zergling x4  
  114  6:35  Overlord  
  114  6:36  Zergling x2  
  114  6:39  Zergling x2  
  115  6:45  Overlord  
  115  6:47  Zergling x4  
  115  6:48  Zergling x2  
  115  6:50  Drone x2  
  115  6:53  Spire  
  118  6:55  Overlord  
  118  6:56  Drone x2  
  118  7:00  Drone x3  
  123  7:05  Overlord  
  123  7:08  Zergling x6  
  123  7:10  Baneling x9  
  123  7:11  Zergling x2  
  123  7:12  Spore Crawler  
  123  7:14  Hatchery, Drone x2  
  127  7:17  Baneling x5  
  127  7:21  Zergling x2, Drone x4  
  132  7:26  Baneling  
  132  7:27  Baneling x4  
  132  7:28  Overlord  
  132  7:30  Drone  
  132  7:31  Drone  
  132  7:32  Drone x5  
  132  7:34  Extractor  
  132  7:35  Overseer  
  132  7:36  Extractor  
  137  7:46  Overlord  
  137  7:49  Zergling x14  
  143  7:53  Zergling x4  
  143  7:54  Zergling x6  
  148  8:01  Baneling x9  
  148  8:02  Zergling x2  
  148  8:03  Zergling x10  
  151  8:13  Baneling x10  
  151  8:14  Zergling x14  
  151  8:18  Overlord  
  152  8:22  Zergling x8  
  152  8:24  Baneling x10  
  152  8:25  Zerg Ground Armor Level 2, Zerg Melee Weapons Level 2  
  149  8:28  Zergling x12  
  149  8:32  Zergling x2  
  145  8:36  Zergling x4  
  145  8:38  Zergling x2  
  145  8:39  Zergling x2, Queen  
  139  8:44  Mutalisk x4  
  139  8:46  Baneling x2  
  146  8:49  Zergling x2  
  146  8:50  Zergling x6  
  146  8:53  Zergling x8  
  154  8:56  Mutalisk  
  154  8:57  Extractor  
  154  8:58  Extractor  
  154  8:59  Drone x2  
  156  9:03  Baneling  
  156  9:05  Zergling x4  
  156  9:09  Zergling x2  
  154  9:10  Zergling x10  
  154  9:16  Baneling x9  
  154  9:17  Zergling x4  
  160  9:20  Zergling x6  
  160  9:21  Zergling x16  
  171  9:24  Hatchery  
  171  9:25  Mutalisk x2  
  171  9:30  Zergling x2  
  174  9:33  Mutalisk x2  
  174  9:36  Extractor  
  174  9:38  Zergling x6  
  178  9:39  Extractor  
  177  9:49  Mutalisk x2  
  177  9:51  Zergling x24  
  184  9:55  Baneling x6  
  184  9:56  Hatchery  
  181  10:03  Mutalisk  
  181  10:05  Drone x5  
  185  10:09  Baneling x2  
  185  10:10  Drone x2, Baneling x2  
  185  10:11  Overlord  
  185  10:12  Drone x2  
  185  10:13  Drone  
  185  10:14  Drone x2  
  192  10:17  Queen  
  192  10:18  Spore Crawler  
  192  10:19  Spore Crawler  
  192  10:20  Mutalisk x2, Baneling x3  
  196  10:23  Zergling x6  
  199  10:30  Baneling x7  
  199  10:43  Baneling x9  
  199  10:46  Infestation Pit  
  199  10:49  Drone x3  
  197  10:50  Drone x4  
  197  10:54  Mutalisk, Extractor  
  198  11:11  Hatchery, Mutalisk x2  
  196  11:12  Mutalisk x2  
  194  11:19  Zergling x10  
  197  11:27  Hive  
  195  11:36  Mutalisk x2  
  195  11:39  Zergling x10  
  200  11:45  Baneling  
  200  11:46  Baneling x19  
  192  12:12  Mutalisk x5  
  200  12:18  Overseer x2  
  200  12:26  Baneling x10  
  200  12:30  Hatchery, Pneumatized Carapace  
  183  12:41  Zergling x42  
  183  12:42  Zergling x20  
  198  12:45  Mutalisk  
  198  12:49  Zerg Melee Weapons Level 3, Zerg Ground Armor Level 3  
  200  12:57  Adrenal Glands  
  200  13:01  Baneling  
  200  13:02  Baneling x10  
  200  13:05  Baneling x4  
  200  13:09  Extractor x2, Drone  
  200  13:12  Baneling x2  
  200  13:13  Baneling x6  
  194  13:31  Drone x3  
  197  13:35  Extractor  
  183  13:53  Zergling x2  
  183  13:54  Zergling x52  
  197  13:59  Zergling x2  
  197  14:00  Zergling x16  
  177  14:10  Zergling x20, Ultralisk Cavern  
  186  14:19  Baneling x21  
  186  14:20  Zergling x10  
  186  14:21  Zergling x2  
  188  14:31  Zergling x12  
  188  14:37  Zergling x8  
  193  14:42  Baneling x4  
  193  14:45  Zergling x18  
  169  14:48  Zergling x10  
  159  14:58  Ultralisk x5  
  159  14:59  Zergling x2, Ultralisk x2, Chitinous Plating  
  192  15:02  Overlord  
  192  15:03  Overlord  
  192  15:06  Baneling x13  
  192  15:07  Overseer  
  188  15:08  Baneling x8  
  188  15:11  Baneling x8  
  181  15:25  Zergling x2  
  181  15:26  Zergling x30  
  197  15:30  Overlord  
  197  15:33  Zergling x6  
  197  15:34  Hatchery  
  185  15:39  Zergling x6  
  183  15:43  Zergling x8  
  187  15:51  Hatchery  
  187  15:53  Zergling x2, Ultralisk  
  187  15:54  Zergling x8  
  191  15:59  Zergling x6  
  191  16:03  Zergling x2  
  188  16:12  Hatchery  
  188  16:14  Zergling x8  
  188  16:15  Zergling x4  
  188  16:16  Hatchery  
  189  16:21  Zergling x8  
  189  16:22  Zergling x2  
  184  16:28  Zergling x4, Ultralisk  
  174  16:34  Zergling x8  
  174  16:38  Zergling x2  
  174  16:39  Zergling x4  
  171  16:43  Hatchery  
  164  16:50  Mutalisk x6  
  164  16:53  Mutalisk  
  168  16:55  Mutalisk  
  170  17:06  Mutalisk x3  
  170  17:07  Mutalisk x4  
  184  17:13  Zergling x2  
  184  17:14  Zergling x2  
  175  17:17  Zergling x2  
  175  17:19  Zergling x6, Ultralisk  
  175  17:22  Zergling x2  
  175  17:27  Zergling x4  
  173  17:34  Zergling x2  
  173  17:35  Zergling x2  
  173  17:38  Zergling x2  
  173  17:43  Zergling x4  
  168  17:54  Hatchery  
  168  17:56  Baneling x3  
  168  17:58  Zergling x18  
  161  18:11  Zergling x2  
  143  18:13  Zergling x2  
  143  18:17  Overseer x2  
  143  18:19  Zergling x2  
  129  18:29  Hatchery  
  129  18:30  Infestor x2  
  123  18:44  Mutalisk x3  
  129  19:01  Infestor  
  130  19:04  Zergling x16  
  137  19:11  Infestor x2  
  137  19:23  Hatchery  
  136  19:28  Hatchery  
  135  19:36  Ultralisk  
  137  19:51  Zergling x14, Ultralisk  
  150  19:58  Mutalisk x3  
  156  20:03  Mutalisk  
  155  20:15  Mutalisk x4  
  155  20:19  Baneling  
  155  20:20  Baneling x3  
  163  20:32  Zergling x16  
  171  20:37  Baneling  
  171  20:38  Baneling x8  
  168  20:48  Baneling x7  
  168  20:58  Zergling x20  
  174  21:10  Zergling x14  
  170  21:18  Hatchery  
  166  21:34  Zergling x12  
  166  21:38  Zergling x2  
  165  21:43  Zergling x4  
  162  21:52  Zergling x4  
  162  21:53  Zergling x2  
  149  22:00  Zergling x2  
  138  22:04  Zergling x4  
  135  22:09  Zergling x6  
  135  22:15  Zergling x6  
  140  22:21  Corruptor x3  
  140  22:22  Zergling x2, Corruptor  
  148  22:27  Zergling x4  
  150  22:33  Zergling x8  
  154  22:41  Zergling x4  
  154  22:42  Overseer  
  148  22:46  Zergling x6  
  148  22:48  Zergling x2  
  148  22:49  Zergling x4  
  149  22:52  Zergling x4  
  149  22:58  Zergling x10, Ultralisk  
  150  23:01  Zergling x2  
  125  23:08  Zergling x10  
  129  23:19  Zergling x8  
  133  23:23  Zergling x6  
  133  23:24  Zergling x2  
  133  23:25  Zergling x4  
Show
View Real Time Build Order
Export as new Build Order

Maru Terran 

Build Orders:  

Get SALT Encoding   

  12  0:00  SCV  
  13  0:12  SCV  
  14  0:17  Supply Depot  
  14  0:24  SCV  
  15  0:39  SCV  
  15  0:40  Barracks  
  16  0:45  Refinery  
  16  0:51  SCV  
  17  1:03  SCV  
  18  1:15  SCV  
  19  1:27  Marine  
  19  1:28  Orbital Command  
  20  1:43  Command Center  
  20  1:53  SCV  
  21  1:59  Factory  
  21  2:05  SCV, Barracks Reactor  
  22  2:11  Supply Depot  
  22  2:18  SCV  
  22  2:22  Refinery  
  23  2:32  SCV  
  24  2:41  Marine  
  24  2:42  Marine  
  26  2:44  Starport  
  26  2:46  Hellion  
  26  2:47  SCV  
  29  2:55  Orbital Command  
  29  2:59  Marine x2  
  29  3:04  SCV  
  32  3:07  Widow Mine  
  34  3:14  Supply Depot  
  34  3:16  SCV  
  35  3:22  Medivac  
  37  3:27  SCV  
  37  3:28  SCV  
  37  3:31  Marine  
  40  3:36  Hellion  
  40  3:37  Hellion  
  40  3:40  SCV  
  40  3:41  SCV  
  46  3:44  Supply Depot  
  46  3:50  Barracks Tech Lab  
  46  3:52  SCV  
  46  3:54  Starport Tech Lab  
  47  3:58  SCV  
  47  3:59  Hellion  
  47  4:02  Hellion  
  52  4:05  SCV  
  53  4:10  SCV  
  53  4:11  Marine  
  53  4:13  Supply Depot  
  53  4:15  Banshee  
  53  4:17  SCV  
  59  4:20  Cloaking Field  
  59  4:22  SCV  
  60  4:29  SCV  
  61  4:34  SCV  
  60  4:41  SCV  
  60  4:44  Command Center  
  61  4:46  SCV  
  62  4:53  SCV  
  62  4:57  Stimpack, Marine  
  62  4:58  Banshee, SCV  
  68  5:05  SCV, Supply Depot  
  69  5:10  SCV  
  69  5:12  Factory Reactor  
  69  5:14  Barracks  
  70  5:16  Barracks  
  70  5:18  Engineering Bay  
  70  5:21  Engineering Bay  
  70  5:26  SCV  
  71  5:28  Marine  
  71  5:29  SCV  
  73  5:35  Refinery  
  73  5:40  SCV  
  74  5:45  SCV  
  74  5:46  Marine  
  74  5:48  Terran Infantry Weapons Level 1, Refinery, Terran Infantry Armor Level 1  
  76  5:50  Starport Reactor  
  76  5:52  SCV  
  78  5:57  Orbital Command  
  78  6:01  Marine x2  
  78  6:02  Siege Tank  
  82  6:12  Marine x2  
  82  6:13  Barracks  
  82  6:14  Barracks  
  82  6:16  SCV  
  82  6:17  Supply Depot  
  85  6:20  Marine x2  
  85  6:22  SCV  
  88  6:27  Medivac x2  
  88  6:31  SCV  
  93  6:37  Orbital Command  
  93  6:39  Marine, Siege Tank  
  97  6:43  SCV x2  
  99  6:48  Supply Depot  
  99  6:49  Supply Depot  
  99  6:57  Combat Shield  
  99  6:58  Armory  
  99  7:01  SCV x2  
  99  7:03  SCV  
  99  7:05  Barracks Reactor  
  99  7:07  Barracks Reactor  
  102  7:10  Marine x3  
  102  7:11  Marine  
  102  7:12  Siege Tank  
  102  7:13  SCV  
  102  7:14  SCV  
  102  7:15  SCV  
  112  7:21  Marine  
  112  7:22  Medivac  
  115  7:28  SCV, Marine x3  
  115  7:29  Marine  
  120  7:31  Medivac  
  122  7:39  Marine, Supply Depot  
  122  7:40  Supply Depot  
  122  7:43  Marine x2  
  125  8:01  Marine x6  
  125  8:03  Marine x2  
  125  8:04  Marine  
  134  8:06  Medivac x2, Siege Tank  
  134  8:08  Command Center  
  141  8:14  Terran Infantry Weapons Level 2  
  141  8:16  SCV x2  
  135  8:22  SCV  
  135  8:26  Marine  
  135  8:27  Marine x3  
  134  8:28  SCV x2  
  134  8:32  Marine  
  136  8:34  SCV  
  136  8:36  Medivac  
  136  8:38  Marine x4  
  136  8:39  Siege Tank  
  134  8:44  Marine x3  
  134  8:45  Marine  
  138  8:50  Marine  
  138  8:52  Terran Infantry Armor Level 2  
  138  8:53  Supply Depot x2  
  138  8:55  Marine x2  
  138  8:56  Marine  
  138  9:00  Refinery  
  138  9:01  Refinery  
  141  9:09  Supply Depot  
  141  9:15  Medivac x2, Marine x6  
  151  9:19  SCV  
  151  9:23  Marine x3  
  155  9:27  Missile Turret  
  155  9:28  SCV x2, Missile Turret x2  
  154  9:32  Marine x2  
  154  9:33  Marauder, Marine x2  
  157  9:39  SCV  
  157  9:40  SCV, Factory  
  151  9:55  SCV x2  
  151  9:56  Marine x3  
  151  9:57  Marauder, Marine x3  
  151  9:58  SCV  
  162  10:00  Terran Vehicle And Ship Armor Level 1  
  162  10:07  SCV, Supply Depot  
  162  10:08  Missile Turret  
  162  10:10  Thor  
  169  10:14  Planetary Fortress  
  168  10:22  Marauder, Marine  
  168  10:25  Barracks  
  168  10:27  Barracks  
  168  10:28  Drilling Claws, Barracks  
  171  10:33  Missile Turret, Factory Reactor  
  171  10:38  Marine  
  171  10:39  Medivac x2, Marine  
  177  10:44  Marauder  
  179  10:50  Marine  
  179  10:51  Marine x2  
  182  10:57  Thor  
  182  11:00  Command Center  
  182  11:03  Supply Depot  
  186  11:15  Barracks Tech Lab  
  176  11:18  Orbital Command  
  176  11:20  Marine  
  176  11:21  Marauder  
  176  11:23  Widow Mine x2  
  172  11:29  Marine  
  154  11:33  SCV x2, Barracks Tech Lab  
  154  11:38  Marauder, Barracks Tech Lab  
  156  11:40  Terran Infantry Weapons Level 3, Widow Mine, Terran Infantry Armor Level 3  
  156  11:42  Marauder  
  156  11:45  SCV, Missile Turret  
  156  11:46  SCV  
  162  11:47  Orbital Command  
  162  11:48  Supply Depot x2  
  162  11:51  Supply Depot  
  162  11:52  Medivac x2  
  166  11:56  Widow Mine x2  
  166  11:58  SCV  
  171  12:01  Widow Mine  
  171  12:03  Terran Vehicle Weapons Level 1  
  171  12:04  Marauder  
  171  12:07  Barracks Tech Lab  
  162  12:08  SCV  
  162  12:12  Missile Turret  
  162  12:13  Marauder  
  162  12:14  Marauder, Marine x6, Supply Depot  
  172  12:21  SCV x3  
  172  12:22  Thor  
  175  12:23  Orbital Command  
  175  12:25  Marauder  
  175  12:27  Marine x2, Concussive Shells  
  175  12:28  Marine  
  186  12:32  Marine  
  186  12:33  SCV  
  186  12:35  Marauder x2  
  192  12:41  SCV  
  163  12:45  SCV  
  163  12:48  SCV  
  165  12:53  SCV, Widow Mine x2  
  165  12:54  Marauder, Marine  
  165  12:55  Marauder  
  165  12:56  Marauder x2  
  165  12:57  SCV  
  180  13:00  SCV  
  180  13:01  Refinery  
  180  13:03  Missile Turret  
  180  13:04  Marine x3  
  180  13:05  SCV  
  185  13:09  SCV  
  185  13:12  Widow Mine  
  188  13:15  Widow Mine  
  188  13:16  Marauder x2  
  194  13:23  Marauder x2, Marine  
  199  13:34  Missile Turret  
  199  13:35  Marine, Missile Turret x2  
  191  13:49  Marauder, Marine  
  191  13:50  Thor, Marauder  
  191  13:51  Widow Mine x2  
  191  13:55  Marine x2  
  188  13:57  Planetary Fortress  
  188  13:59  SCV  
  188  14:00  Missile Turret  
  188  14:02  Missile Turret  
  176  14:03  Marine x5  
  176  14:04  SCV  
  176  14:05  SCV  
  176  14:09  Missile Turret  
  171  14:11  SCV, Marine x2  
  171  14:17  SCV x2  
  173  14:20  SCV  
  173  14:23  SCV  
  173  14:27  Medivac x2  
  173  14:29  SCV x2, Marine, Marauder x2  
  180  14:32  SCV  
  180  14:35  SCV  
  177  14:41  SCV  
  177  14:44  Marauder, Marine  
  181  14:50  Marauder x2, Marine x3  
  161  14:53  Widow Mine x2  
  161  14:54  Widow Mine  
  161  14:55  SCV  
  161  14:59  SCV  
  157  15:01  Marine x2  
  157  15:02  Marauder  
  159  15:09  SCV  
  159  15:11  SCV x2  
  162  15:15  Widow Mine  
  162  15:16  Marauder x2, Marine  
  162  15:18  Marine  
  162  15:20  Orbital Command  
  170  15:24  Marine x2  
  170  15:25  Marauder x2, Marine x3  
  177  15:30  Marine  
  177  15:32  Widow Mine x2  
  172  15:36  Widow Mine  
  172  15:37  Marauder x2  
  172  15:38  Marine  
  174  15:44  Liberator x2  
  174  15:46  Marauder  
  182  15:52  Marine  
  182  15:53  Marauder, Widow Mine  
  182  15:54  Widow Mine  
  182  15:56  Marine  
  180  16:01  Widow Mine  
  175  16:10  Marine  
  175  16:11  Marauder x3, Marine  
  183  16:15  Widow Mine  
  183  16:18  Widow Mine  
  185  16:22  Widow Mine  
  177  16:25  Orbital Command  
  177  16:27  SCV x3, Liberator x2  
  172  16:39  SCV x3  
  147  16:42  Marauder  
  147  16:43  Marauder x2  
  148  16:47  Marine  
  148  16:48  Marauder  
  148  16:51  SCV x4, Refinery  
  148  16:53  Refinery  
  155  16:54  Marine x4  
  155  16:55  Marine x3  
  162  17:03  SCV x3  
  162  17:04  Marauder x2, Marine  
  162  17:05  Marine  
  171  17:09  Marauder, Liberator  
  171  17:12  Marine x4  
  172  17:16  Marine x3  
  172  17:22  Marauder  
  166  17:23  Marine  
  166  17:25  Marauder x2  
  166  17:26  Liberator  
  170  17:30  Marauder, Marine  
  170  17:32  Marine x3  
  170  17:34  Marine  
  176  17:43  Marauder  
  171  17:47  Marauder x2, Marine x2  
  171  17:51  Marine x4  
  167  17:52  Marauder  
  162  18:07  Marauder, Marine  
  129  18:13  Marine  
  129  18:14  Marauder  
  114  18:20  Marine  
  114  18:23  Orbital Command  
  114  18:27  Liberator  
  113  18:30  Orbital Command  
  113  18:31  SCV  
  117  18:35  Marauder, Marine  
  117  18:36  Marauder  
  116  18:41  Marauder  
  116  18:43  SCV  
  119  18:51  Orbital Command  
  119  18:53  Widow Mine x2  
  119  18:55  SCV  
  124  18:57  SCV  
  124  18:59  Marine  
  124  19:00  Marauder  
  128  19:06  Widow Mine  
  128  19:09  Marine  
  125  19:10  Marauder  
  125  19:12  Orbital Command  
  125  19:14  Marauder, Marine  
  117  19:20  SCV x3  
  120  19:25  Widow Mine  
  120  19:29  Marauder, Marine  
  125  19:32  SCV  
  126  19:38  SCV  
  126  19:41  Widow Mine  
  126  19:45  SCV  
  130  19:49  Widow Mine x2  
  134  19:59  Missile Turret  
  134  20:03  SCV x2  
  134  20:04  SCV  
  137  20:07  Marauder  
  137  20:08  Marauder x2  
  143  20:15  SCV  
  143  20:16  SCV x2  
  146  20:22  Missile Turret  
  146  20:28  SCV x3  
  147  20:38  Marauder x4, Marine x2  
  147  20:39  Marine x2  
  147  20:40  SCV, Widow Mine  
  160  20:54  Marine  
  161  20:59  Marauder x2  
  161  21:00  Marauder  
  161  21:02  Missile Turret  
  167  21:08  Marauder, Marine  
  159  21:21  Marauder  
  126  21:34  Marauder  
  126  21:37  Marauder x2, Marine x3  
  125  21:42  Marauder  
  125  21:44  Marine x2  
  123  21:47  SCV  
  102  21:54  Orbital Command  
  102  21:56  Marauder  
  102  21:59  Marauder  
  94  22:06  Widow Mine  
  94  22:07  SCV x2  
  89  22:10  Marauder x2, Marine x3  
  89  22:14  Marine  
  89  22:15  Marine x3  
  100  22:17  Marauder  
  100  22:19  SCV x2  
  102  22:24  SCV  
  102  22:25  Refinery  
  102  22:26  Refinery  
  101  22:31  SCV  
  101  22:32  Widow Mine x2  
  101  22:33  Marine x5  
  111  22:37  SCV x2  
  113  22:50  Marauder  
  109  22:58  SCV x2  
  91  23:00  Marauder, Marine x2  
  91  23:04  Marine  
  81  23:06  Marine x2  
  81  23:07  Marine  
  81  23:11  Marine x2  
  82  23:18  Marine x2  
  82  23:19  Marauder  

Tags
 
Add a new tag
Caveats
  • Supply blocks, unpowered buildings, or Contaminate may cause inaccurate times.
  • Supply counts are checked every 10 seconds.